 Dungeon Crawl Stone Soup version 0.26.1-11-gd32895ea62 (webtiles) character file.

Game seed: 3800177759183680159

653 Zeld the Carver (level 7, 6/46 HPs)
             Began as an Octopode Monk on May 19, 2021.
             Quit the game on level 4 of the Dungeon.
             The game lasted 00:05:26 (4969 turns).

Zeld the Carver (Octopode Monk)                     Turns: 4969, Time: 00:05:27

Health: 6/46       AC:  1    Str: 12    XL:     7   Next: 54%
Magic:  7/7        EV: 14    Int: 12    God:
Gold:   223        SH:  0    Dex: 15    Spells: 6/6 levels left

rFire    . . .     SeeInvis .   a - +0 falchion
rCold    . . .     Faith    .   (no shield)
rNeg     . . .     Spirit   .   (helmet restricted)
rPois    .         Reflect  .   (no amulet)
rElec    .         Harm     .   (no ring)
rCorr    .         Rampage  .   (no ring)
Will     .....                  (no ring)
Stlth    +++.......             (no ring)
HPRegen  0.15/turn              (no ring)
MPRegen  0.10/turn              (no ring)
                                (no ring)
                                (no ring)

@: no status effects
A: almost no armour, stealthy swim, amphibious, 8 rings, constrict 8, camouflage
1, gelatinous body 1
a: no special abilities


You were on level 4 of the Dungeon.
You visited 1 branch of the dungeon, and saw 4 of its levels.
You also visited: Sewer.

You collected 223 gold pieces.

Inventory:

Hand Weapons
 a - a +0 falchion (weapon)
Missiles
 w - 2 boomerangs (quivered)
Jewellery
 f - an uncursed ring of poison resistance {unknown}
 o - a cursed ring of teleportation {unknown}
Scrolls
 d - a scroll of enchant armour {unknown}
 g - 6 scrolls of identify {unknown}
 h - 2 scrolls of random uselessness {unknown}
 j - 2 scrolls of teleportation {unknown}
 n - a scroll of amnesia {unknown}
 q - 6 scrolls of magic mapping {unknown}
 r - 4 scrolls of fear {unknown}
 t - a scroll of blinking {unknown}
Potions
 c - a potion of mutation {unknown}
 e - 2 potions of flight {unknown}
 i - a potion of attraction {unknown}
 k - 4 potions of might {unknown}
 l - a potion of heal wounds {unknown}
 m - 3 potions of haste {unknown}
 p - 2 potions of magic {unknown}
 s - a potion of brilliance {unknown}
 u - a potion of invisibility {unknown}
 x - a potion of degeneration {unknown}
Miscellaneous
 v - a phantom mirror (inert)


   Skills:
 - Level 3.0 Fighting
 * Level 8.6 Long Blades
 - Level 3.0 Dodging
 - Level 2.6 Stealth


You had 6 spell levels left.
You didn't know any spells.
Your spell library was empty.

Dungeon Overview and Level Annotations

Branches:
Dungeon (4/15)              Sewer (visited)
 Temple: D:4-7

Altars:
Ashenzari
Cheibriados
Kikubaaqudgha
Okawaru
Vehumet
Wu Jian


Innate Abilities, Weirdness & Mutations

You cannot wear most types of armour.
You are very stealthy in the water. (Stealth+)
You are amphibious.
You can wear up to eight rings at the same time.
You can use your tentacles to constrict eight enemies at once.
Your skin changes colour to match your surroundings (Stealth+).
Your rubbery body absorbs attacks. (AC +1, EV +1)


Message History

Throw: 2 boomerangs
Press: ? - help, Q - select action, (/) - cycle Shift-Dir - straight line, f - killer bee
Aim: a killer bee (29% to hit)
You throw a boomerang. The boomerang hits the killer bee.
The killer bee is moderately wounded.
The killer bee stings you.
* * * LOW HITPOINT WARNING * * *
Throw: 2 boomerangs
Press: ? - help, Q - select action, (/) - cycle Shift-Dir - straight line, f/p - killer bee
Aim: a killer bee (moderately wounded, 29% to hit)
You throw a boomerang.
The boomerang hits the killer bee but does no damage.
The killer bee is moderately wounded.
The killer bee closely misses you. The killer bee stings you!
* * * LOW HITPOINT WARNING * * *
You feel better. The killer bee stings you.
* * * LOW HITPOINT WARNING * * *
The killer bee stings you.
* * * LOW HITPOINT WARNING * * *
Are you sure you want to abandon this character and quit the game? (Confirm with "yes".)

#.##>..#..#.. #.##.........
#.##..#....##
#####.##.##..###
.........#...# .
#####.#......# ..
#.........#### #.##
#.#.#........#######....#
####[...........@y.........#
#..<)##.........#########....
.....###........# . ....##
#.######## ....# #.# ....#
#># ....# #.# ##### ###


You could see a killer bee.

Vanquished Creatures
  3 big kobolds (Sewer)
  3 killer bees (D:4)
  2 orc wizards
  A worker ant (D:4)
  9 adders
  A river rat (D:3)
  3 oozes
  An adder zombie (D:3)
  An adder skeleton (D:2)
  4 worms
  3 dart slugs
  4 leopard geckos
  13 orcs
  7 giant cockroaches
  8 goblins
  4 hobgoblins
  9 jackals
  11 kobolds
  2 quokkas
  6 bats
  7 frilled lizards
  10 rats
112 creatures vanquished.

Vanquished Creatures (others)
  A human (D:3)
  A rat (D:2)
2 creatures vanquished.

Grand Total: 114 creatures vanquished

Notes
Turn   | Place    | Note
-------+----------+-------------------------------------------
     0 | D:1      | Zeld the Octopode Monk began the quest for the Orb.
     0 | D:1      | Reached XP level 1. HP: 16/16 MP: 1/1
   120 | D:1      | Reached XP level 2. HP: 21/21 MP: 2/2
   387 | D:1      | Found a broken altar of Ashenzari.
   396 | D:1      | Reached skill level 4 in Long Blades
   523 | D:1      | Reached XP level 3. HP: 22/26 MP: 3/3
   947 | D:2      | Found a snail-covered altar of Cheibriados.
  1202 | D:2      | Found an ornate altar of the Wu Jian Council.
  1387 | D:2      | Reached XP level 4. HP: 20/31 MP: 4/4
  1923 | D:2      | Found a radiant altar of Vehumet.
  2085 | D:3      | Found an iron altar of Okawaru.
  2090 | D:3      | Reached skill level 5 in Long Blades
  2338 | D:3      | Reached XP level 5. HP: 26/36 MP: 5/5
  2361 | D:3      | Found a glowing drain.
  2365 | Sewer    | Entered a sewer
  2847 | Sewer    | Noticed a big kobold
  2848 | Sewer    | Noticed a big kobold
  2859 | Sewer    | Killed a big kobold
  2860 | Sewer    | Reached skill level 6 in Long Blades
  2860 | Sewer    | Reached XP level 6. HP: 25/42 MP: 6/6
  3003 | Sewer    | Reached skill level 7 in Long Blades
  3912 | D:3      | Reached XP level 7. HP: 45/46 MP: 7/7
  3919 | D:3      | Found an ancient bone altar of Kikubaaqudgha.
  3920 | D:3      | Noticed a human
  3923 | D:3      | Killed a human
  4334 | D:4      | Reached skill level 8 in Long Blades
  4969 | D:4      | Quit the game

Illustrated notes

Levels and vault maps discovered:
D:1:      eino_arrival_water_cross, layout_basic, evilmike_ruin_ashenzari
D:2:      layout_loops_ring, fiery_altar_vehumet, old_standard_altar,
          pdpol_wu_jian_five_deadly_venoms, roderic_roman_lattice,
          kennysheep_generic_room_14
D:3:      minmay_octagon_keep, layout_basic, okawaru_metal_pillars_1_2,
          gup_sewer_entry_spiral, tgw_kikubaaqudgha
D:4:      layout_rooms, kennysheep_little_box, lemuel_doored_altar,
          kennysheep_nub, uniq_pikel

Skill      XL: |  1  2  3  4  5  6  7 |
---------------+----------------------+-----
Long Blades    | 4 5 6 7 8 |  8.6
Fighting       | |  3.0
Dodging        | |  3.0
Stealth        | |  2.6

Action                   |  1- 3 |  4- 6 |  7- 9 || total
-------------------------+-------+-------+-------++-------
Melee: Falchion          |    60 |   139 |    52 ||   251
       Constrict         |    15 |    46 |    20 ||    81
       Tentacles         |    11 |    39 |    12 ||    62
Throw: Boomerang         |       |       |     2 ||     2
Evoke: Phantom mirror    |       |       |     2 ||     2
  Use: Potion            |       |     1 |     3 ||     4
 Stab: Sleeping          |    11 |    17 |       ||    28
Armor: Skin              |     5 |    10 |     1 ||    16
Dodge: Dodged            |    28 |    98 |    43 ||   169
       Rpst.: Falchion   |     6 |    36 |    16 ||    58
